Map: Coda LE (Void)

Players

Probe - Winner!

  • Race: Protoss Protoss

Bop

  • Race: Terran Terran

VOD

Have the link to the VOD?

Description

Time

  • Played on: May 4, 2015, 4:46 a.m.
  • Length: 11:30
Show
View Real Time Build Order
Export as new Build Order

Probe Protoss - Winner!

Build Orders: Blink Stalkers, Zealot Archon, Zealot Templar 

Get SALT Encoding   

  12  0:01  Probe  
  13  0:13  Pylon  
  13  0:18  Probe  
  14  0:31  Probe (Chrono Boost)  
  14  0:34  Gateway  
  15  0:42  Probe (Chrono Boost)  
  16  0:48  Probe  
  17  0:50  Assimilator  
  17  1:01  Probe (Chrono Boost)  
  17  1:02  Pylon  
  19  1:13  Probe (Chrono Boost)  
  19  1:19  Probe (Chrono Boost)  
  19  1:23  Cybernetics Core  
  20  1:30  Probe (Chrono Boost)  
  23  1:42  Probe (Chrono Boost)  
  24  1:50  Nexus  
  22  1:54  Probe  
  23  2:05  Assimilator  
  23  2:07  Mothership Core (Chrono Boost)  
  25  2:17  Warp Gate  
  25  2:21  Pylon  
  25  2:24  Adept  
  25  2:26  Probe (Chrono Boost)  
  28  2:33  Probe  
  29  2:45  Probe (Chrono Boost)  
  30  2:55  Twilight Council  
  30  2:56  Stalker  
  30  2:57  Probe (Chrono Boost)  
  33  3:04  Probe x2 (Chrono Boost)  
  35  3:14  Probe x2  
  37  3:26  Probe x2  
  39  3:38  Probe (Chrono Boost), Nexus  
  40  3:41  Blink  
  40  3:44  Probe (Chrono Boost)  
  41  3:50  Probe (Chrono Boost)  
  41  3:55  Probe (Chrono Boost)  
  43  3:57  Stalker  
  43  3:59  Probe (Chrono Boost)  
  43  4:01  Probe (Chrono Boost)  
  47  4:07  Probe  
  48  4:10  Pylon  
  48  4:13  Probe  
  48  4:15  Pylon  
  49  4:20  Gateway  
  49  4:22  Gateway  
  49  4:25  Gateway  
  49  4:29  Pylon  
  49  4:38  Gateway  
  49  4:39  Probe (Chrono Boost)  
  49  4:40  Gateway, Probe (Chrono Boost)  
  51  4:52  Probe (Chrono Boost)  
  53  4:53  Probe (Chrono Boost), Gateway  
  53  4:55  Gateway  
  53  4:59  Probe (Chrono Boost)  
  56  5:00  Probe x2 (Chrono Boost)  
  56  5:04  Sentry  
  58  5:08  Probe  
  58  5:10  Probe x2  
  61  5:18  Gateway  
  61  5:21  Probe  
  62  5:22  Probe x2, Gateway  
  64  5:28  Sentry  
  64  5:30  Stalker x2  
  64  5:33  Probe  
  71  5:39  Robotics Facility  
  71  5:42  Pylon  
  71  5:46  Stalker x2  
  75  5:50  Assimilator  
  75  5:51  Probe x3 (Chrono Boost), Assimilator  
  78  6:00  Stalker x2  
  78  6:02  Probe x3 (Chrono Boost)  
  85  6:04  Pylon  
  85  6:13  Probe  
  85  6:18  Stalker x5  
  96  6:26  Forge  
  96  6:27  Observer (Chrono Boost), Forge  
  96  6:30  Pylon  
  97  6:33  Stalker x2  
  97  6:39  Stalker x2  
  105  6:47  Warp Prism (Chrono Boost)  
  105  6:52  Pylon  
  105  6:54  Pylon  
  107  6:55  Pylon  
  107  6:56  Pylon  
  107  7:01  Stalker x2  
  107  7:02  Stalker, Protoss Ground Weapons Level 1 (Chrono Boost)  
  111  7:10  Zealot  
  111  7:14  Stalker x3  
  105  7:21  Stalker  
  93  7:34  Stalker  
  93  7:35  Stalker x2  
  99  7:38  Probe x3, Assimilator x2  
  100  7:52  Charge (Chrono Boost)  
  100  7:54  Zealot x4  
  100  7:55  Probe, Zealot x3  
  115  8:04  Immortal  
  119  8:09  Protoss Ground Armor Level 1 (Chrono Boost)  
  111  8:13  Zealot x3  
  111  8:35  Stalker x8  
  125  8:44  Immortal (Chrono Boost)  
  129  8:49  Protoss Ground Weapons Level 2 (Chrono Boost)  
  129  8:58  Pylon  
  129  9:01  Nexus  
  129  9:04  Templar Archives  
  129  9:06  Zealot x3  
  135  9:19  Zealot x3  
  135  9:20  Zealot x3  
  135  9:22  Observer (Chrono Boost)  
  148  9:32  Zealot x3  
  148  9:36  Pylon  
  154  9:40  Pylon  
  146  9:49  Psionic Storm  
  129  9:55  Zealot x6  
  129  9:56  Zealot x2  
  131  10:04  Stalker x2  
  129  10:23  High Templar x3  
  128  10:35  Zealot x5, High Templar  
  132  10:36  Zealot  
  140  10:45  Immortal (Chrono Boost)  
  144  10:56  High Templar x2  
  145  10:57  High Templar x2  
  145  10:59  Zealot x2  
  145  11:00  Archon  
  145  11:01  Archon  
  153  11:04  Nexus  
Show
View Real Time Build Order
Export as new Build Order

Bop Terran 

Build Orders: Command Center First (CC), MMM Bio 

Get SALT Encoding   

  12  0:01  SCV  
  13  0:13  SCV  
  14  0:23  Supply Depot  
  14  0:25  SCV  
  15  0:32  Refinery  
  15  0:45  SCV  
  16  0:57  SCV  
  17  1:08  Command Center  
  17  1:09  SCV  
  18  1:21  Barracks  
  18  1:24  SCV  
  19  1:36  SCV  
  20  1:48  SCV  
  21  2:03  Barracks  
  21  2:05  Barracks  
  21  2:08  Marine  
  21  2:10  Orbital Command  
  22  2:23  Refinery  
  22  2:26  Marine  
  23  2:33  Bunker  
  23  2:35  Orbital Command  
  23  2:44  Marine  
  25  2:51  SCV, Marine  
  25  2:52  Marine  
  27  3:03  SCV, Marine  
  27  3:04  SCV  
  30  3:11  Marine x2  
  32  3:15  SCV  
  32  3:18  SCV, Supply Depot  
  33  3:27  SCV  
  33  3:28  Barracks Tech Lab  
  34  3:40  Barracks Reactor x2  
  34  3:41  Barracks Tech Lab  
  34  3:42  SCV x2  
  34  3:45  Command Center, Refinery  
  36  3:54  SCV  
  37  3:56  Marauder  
  37  4:02  Marauder  
  41  4:03  SCV, Supply Depot  
  41  4:06  SCV  
  41  4:09  Missile Turret  
  43  4:14  Missile Turret  
  43  4:16  Marine x2  
  45  4:17  Marine  
  45  4:18  Stimpack  
  46  4:25  SCV  
  46  4:26  Marine  
  46  4:27  Supply Depot  
  48  4:36  Supply Depot  
  48  4:38  Factory  
  48  4:41  Marine x2  
  50  4:48  Marine x2  
  52  4:53  Combat Shields  
  52  4:58  Marine  
  52  4:59  Marine  
  54  5:05  Marine  
  54  5:06  Orbital Command  
  55  5:10  Marine  
  55  5:12  SCV  
  57  5:16  Refinery, Marine x2  
  59  5:23  Marine  
  59  5:24  Starport  
  59  5:25  Factory Reactor  
  60  5:28  Marine  
  60  5:31  SCV  
  60  5:32  SCV  
  60  5:34  SCV, Marine  
  65  5:36  Marine  
  65  5:41  Marine  
  66  5:43  SCV  
  66  5:44  SCV  
  66  5:46  Marine  
  66  5:48  SCV  
  70  5:52  Marine  
  70  5:54  Marine  
  72  5:57  SCV x2  
  72  5:59  Marine  
  72  6:00  SCV  
  72  6:02  Supply Depot  
  76  6:04  Marine  
  76  6:07  Medivac x2  
  76  6:08  Factory Reactor  
  76  6:09  SCV  
  76  6:10  Orbital Command  
  76  6:11  Marine  
  82  6:13  SCV  
  84  6:22  Supply Depot x3  
  84  6:24  Marauder x2  
  88  6:36  SCV  
  88  6:38  Marine  
  88  6:39  Marine  
  91  6:45  Marauder x2  
  95  6:47  Barracks  
  95  6:48  SCV, Barracks  
  95  6:50  Barracks  
  95  6:52  Missile Turret  
  96  6:55  Widow Mine  
  96  6:56  Marine x2, Widow Mine  
  96  6:58  Medivac  
  96  7:01  Medivac  
  106  7:06  Marauder x2  
  97  7:17  Marine  
  97  7:18  Marine  
  90  7:24  Widow Mine x2  
  90  7:28  Medivac, Marauder x2  
  91  7:33  SCV x2  
  91  7:34  SCV  
  91  7:35  Marine x2  
  94  7:38  Engineering Bay  
  94  7:39  Barracks Tech Lab x2, Engineering Bay  
  94  7:40  Barracks Reactor  
  94  7:43  Concussive Shells  
  94  7:45  SCV  
  94  7:49  Marauder x2  
  97  7:59  Marauder  
  97  8:00  Marauder  
  96  8:10  Marine x2  
  96  8:11  Marauder x2  
  93  8:20  Marine, Marauder  
  93  8:22  Marine  
  97  8:27  Marine  
  97  8:32  Marauder x2  
  97  8:33  SCV x3  
  101  8:39  Marauder  
  101  8:40  Marine  
  101  8:41  Missile Turret, Marine x2  
  103  8:42  Marauder  
  103  8:45  Terran Infantry Weapons Level 1, Terran Infantry Armor Level 1, Marine, SCV  
  108  8:53  Marine x2  
  108  8:54  Armory  
  110  8:56  Widow Mine x2  
  110  8:58  Marine x2  
  110  8:59  Marine  
  117  9:04  Marine x2  
  119  9:10  Marine  
  119  9:11  Marauder x2  
  119  9:16  Marine  
  125  9:30  Medivac x2, Marine x4  
  133  9:32  Supply Depot x2  
  133  9:33  Supply Depot  
  133  9:41  Supply Depot, Marine x2  
  133  9:42  SCV  
  133  9:43  SCV, Widow Mine, Marine x2  
  133  9:48  Marine x2  
  133  9:49  Marine  
  108  10:01  Marauder x2  
  108  10:03  Widow Mine  
  108  10:06  Marauder  
  98  10:08  Marine x3, Marauder  
  98  10:12  Widow Mine  
  101  10:26  Marauder x2, Marine x2  
  101  10:35  Marauder x2, Marine x2  
  101  10:43  Marine  
  101  10:44  Marine  
  101  10:47  Marauder  
  101  10:48  Marauder  
  107  10:57  Marine x2  
  109  11:04  Marine  
Tags
 
Add a new tag
Caveats
  • Supply blocks, unpowered buildings, or Contaminate may cause inaccurate times.
  • Supply counts are checked every 10 seconds.